 Dungeon Crawl Stone Soup version 0.28-a0-1506-g3893175d92 (webtiles) character file.

Game seed: 17386306071543226171

34 fragbeetle the Digger (level 3, -1/20 HPs)
             Began as a Gargoyle Earth Elementalist on Jan 14, 2022.
             Frozen to death by an endoplasm (5 damage)
             ... on level 1 of the Dungeon.
             The game lasted 00:03:11 (1837 turns).

fragbeetle the Digger (Gargoyle Earth Elementalist) Turns: 1837, Time: 00:03:12

Health: -1/20      AC:  5    Str: 11    XL:     3   Next: 31%
Magic:  5/6        EV: 12    Int: 15    God:
Gold:   16         SH:  0    Dex: 12    Spells: 2/6 levels left

rFire   . . .      SeeInvis .   d - +0 mace
rCold   . . .      Faith    .   (no shield)
rNeg    + . .      Spirit   .   b - +0 robe
rPois   ∞          Reflect  .   (no helmet)
rElec   +          Harm     .   (no cloak)
rCorr   .          Rampage  .   (no gloves)
Will    .....                   (no boots)
Stlth   ++........              (no amulet)
HPRegen 0.06/turn               (no ring)
MPRegen 0.10/turn               (no ring)

@: no status effects
A: sickness immunity, AC +3, negative energy resistance 1, electricity
resistance, torment resistance 1, petrification resistance
a: no special abilities


You were on level 1 of the Dungeon.
You visited 1 branch of the dungeon, and saw 3 of its levels.

You collected 16 gold pieces.

Inventory:

Hand Weapons
 d - a +0 mace (weapon)
 f - a +2 antimagic dagger
Missiles
 c - 24 stones
 h - 6 poisoned darts
 j - 6 datura-tipped darts
Armour
 b - a +0 robe (worn)
Wands
 g - a wand of acid (10)
Scrolls
 a - 3 scrolls of identify {unknown}
 e - a scroll of fog {unknown}
Potions
 i - a potion of curing {unknown}


   Skills:
 + Level 1.2 Fighting
 + Level 2.0 Dodging
 - Level 2.1 Stealth
 - Level 2.0 Spellcasting
 + Level 0.0 Conjurations
 - Level 1.0 Transmutations
 * Level 4.4 Earth Magic


You had 2 spell levels left.
You knew the following spells:

 Your Spells              Type           Power      Damage    Failure   Level
a - Sandblast             Erth           28%        2d8       3%          1
b - Stone Arrow           Conj/Erth      16%        3d8       26%         3

Your spell library contained the following spells:

 Spells                   Type           Power      Damage    Failure   Level
 Passwall                 Tmut/Erth      7%         N/A       11%         2
 Foxfire                  Conj/Fire      4%         2x1d4     22%         1
 Blink                    Tloc           2%         N/A       32%         2
 Conjure Flame            Conj/Fire      1%         6-21      54%         3
 Inner Flame              Hex/Fire       1%         N/A       54%         3
 Lesser Beckoning         Tloc           1%         N/A       54%         3
 Petrify                  Tmut/Erth      9%         N/A       58%         4
 Flame Wave               Conj/Fire      1%         2d4       91%         4
 Manifold Assault         Tloc           1%         N/A       99%         5


Dungeon Overview and Level Annotations

Branches:
Dungeon (3/15)

Altars:
Ru


Innate Abilities, Weirdness & Mutations

You are immune to sickness and miasma.
Your stone body is resilient. (AC +3)
You are immune to poison.
You resist negative energy. (rN+)
You are resistant to electric shocks. (rElec)
You are resistant to unholy torment.
You are immune to petrification.


Message History

You closely miss the kobold. The kobold hits you but does no damage.
The kobold hits you with a +0 dagger.
You hit the kobold but do no damage. The kobold hits you but does no damage.
You hit the kobold.
You kill the kobold!
You see here a +0 dagger.
You start resting.
Magic restored.
There is a stone staircase leading up here.
You climb upwards.
The adder closely misses you.
The endoplasm hits you but does no damage.
The worm bites you but does no damage. The adder misses you.
There is a stone staircase leading down here.
Casting: Sandblast (safe; 3% risk of failure)
Confirm with . or Enter, or press ? or * to list all spells.
Aiming: Sandblast (safe; 3% risk of failure)
Press: ? - help, Shift-Dir - straight line, f - adder
Aim: an adder (66% to hit)
The blast of sand misses the adder.
The endoplasm freezes you.
You are frozen.
The adder bites you but does no damage. The worm bites you!
Casting: Sandblast (safe; 3% risk of failure)
Confirm with . or Enter, or press ? or * to list all spells.
You don't know that spell.
Unknown command.
The adder bites you but does no damage.
There is a stone staircase leading up here.
The adder barely misses you.
The endoplasm hits you but does no damage.
The adder bites you but does no damage.
You climb upwards.
There is a stone staircase leading down here.
You hit the endoplasm.
The endoplasm is heavily wounded.
The endoplasm freezes you.
You are frozen.
* * * LOW HITPOINT WARNING * * *
The adder bites you but does no damage. The endoplasm freezes you.
You are frozen.
You die...

####........##.............#
#........##.............#
#######'######.............#
..........# ##..###.......#
..........# #..# ####..########
..........# #..# #..........
.)........# #..# ####'########+
.≈........# #S.# #.............
........### #J@# #.............
........# #### #.............
........# #......[......
........# #.............
.≈.....## #.............
.......#############.............
...................'.............
.....###############.............
###.## #.........##.............


You could see an adder and an endoplasm.

Vanquished Creatures
  A dart slug (D:1)
  An orc (D:3)
  A ball python (D:3)
  2 bats
  3 endoplasms
  2 giant cockroaches (D:1)
  4 goblins
  2 hobgoblins (D:1)
  4 kobolds
  3 quokkas (D:1)
  A frilled lizard (D:2)
  A rat (D:3)
25 creatures vanquished.

Notes
Turn   | Place    | Note
-------+----------+-------------------------------------------
     0 | D:1      | fragbeetle the Gargoyle Earth Elementalist began the quest
                  | for the Orb.
     0 | D:1      | Reached XP level 1. HP: 10/10 MP: 3/3
   212 | D:1      | Reached skill level 1 in Transmutations
   212 | D:1      | Reached XP level 2. HP: 13/16 MP: 5/5
   321 | D:1      | Reached skill level 4 in Earth Magic
   681 | D:1      | Reached skill level 1 in Fighting
  1413 | D:1      | Found a sacrificial altar of Ru.
  1470 | D:2      | You fall into a shaft and drop 1 floor!
  1472 | D:3      | Reached XP level 3. HP: 20/20 MP: 6/6
  1654 | D:3      | Learned a level 3 spell: Stone Arrow
  1837 | D:1      | Frozen to death by an endoplasm

Illustrated notes

Levels and vault maps discovered:
D:1:      dpeg_arrival_water_altar, layout_basic, skrybe_limestone_x,
          minmay_misc_feat_ornament
D:2:      layout_loops_ring, minmay_cupped
D:3:      layout_rooms, nicolae_dithmenos_shadow_blocks

Skill      XL: |  1  2  3 |
---------------+----------+-----
Transmutations | 1 |  1.0
Earth Magic    | 4 |  4.4
Fighting       | 1 |  1.2
Dodging        | 2 |  2.0
Stealth        | |  2.1
Spellcasting   | |  2.0

Action                   || total
-------------------------++-------
Melee: Unarmed           ||     7
       Dagger            ||     6
       Mace              ||    71
       Punch             ||     3
 Cast: Sandblast         ||     7
 Stab: Sleeping          ||     2
Armor: Robe              ||    35
Dodge: Dodged            ||    61

Table legend: (Time is in decaauts)
 A = Elapsed time spent in this place.
 B = Non-inter-level travel time spent in this place.
 C = Inter-level travel time spent in this place.
 D = Time resting spent in this place.
 E = Time spent auto-exploring this place.
 F = Levels seen in this place.
 G = Mean time per level.
                   A        B        C        D        E       F      G
               +--------+--------+--------+--------+--------+-----+--------+
         Total |   1867 |   1852 |     15 |    321 |   1219 |   3 |  622.3 |
       Dungeon |   1867 |   1852 |     15 |    321 |   1219 |   3 |  622.3 |
               +--------+--------+--------+--------+--------+-----+--------+

Top non-repeatable levels by time:
     D:1: 1460 daAuts
     D:3: 369 daAuts
     D:2: 37 daAuts
